[Event "Titled Tuesday Blitz May 2 Early 2023"]
[White "Lenderman, Aleksandr"]
[Black "Caruana, Fabiano"]
[WhiteFideId "2021285"]
[BlackFideId "2020009"]
[WhiteElo "2607"]
[BlackElo "2837"]
[Result "1/2-1/2"]
[Round "05"]
[TimeControl "180+2"]
[Date "2023.05.02"]
[WhiteClock "0:00:12"]
[BlackClock "0:00:38"]

1. Nf3 Nf6 2. c4 g6 3. d4 Bg7 4. Nc3 d6 5. e4 O-O 6. Be2 e5 7. O-O Bg4 8. d5 a5 9. h3 Bd7 10. c5 Na6 11. cxd6 cxd6 12. Be3 b5 13. Nd2 Qb8 14. a4 bxa4 15. Nxa4 Bxa4 16. Qxa4 Nb4 17. Rfc1 Rc8 18. Rc3 Qb7 19. Rac1 Rxc3 20. bxc3 Na6 21. Qc6 Qxc6 22. dxc6 Nc7 23. Bb6 Nfe8 24. Nc4 a4 25. Nxd6 Nxd6 26. Bxc7 Nxe4 27. Bb6 a3 28. c7 Nd6 29. Rd1 a2 30. Ra1 e4 31. Bc5 Nc8 32. Bc4 Bxc3 33. Rxa2 Rxa2 34. Bxa2 Be5 35. Bd5 Bxc7 36. Bxe4 Be5 37. Be3 Nd6 38. Bd3 Kg7 39. Kf1 f5 40. Ke2 f4 41. Bc5 Nf7 42. Bc4 Ng5 43. h4 Ne4 44. Bb6 Bf6 45. Kd3 Nd6 46. g3 fxg3 47. fxg3 Be5 48. Bf2 h5 49. Be6 Kf6 50. Bh3 Nf5 51. g4 Nd6 52. gxh5 gxh5 53. Bg2 Nf5 54. Bf3 Kg6 55. Be4 Kf6 56. Bf3 Ng7 57. Ke4 Ba1 58. Be3 Kg6 59. Bd4 Bxd4 60. Kxd4 Nf5+ 61. Ke5 Nxh4 62. Bxh5+ 1/2-1/2


[Site "https://www.chess.com"]

[Event "Titled Tuesday Blitz May 2 Early 2023"]
[White "Ter-Sahakyan, Samvel"]
[Black "Andreikin, Dmitry"]
[WhiteFideId "13302531"]
[BlackFideId "4158814"]
[WhiteElo "2566"]
[BlackElo "2736"]
[Result "1/2-1/2"]
[Round "05"]
[TimeControl "180+2"]
[Date "2023.05.02"]
[WhiteClock "0:01:12"]
[BlackClock "0:00:57"]

1. d4 Nf6 2. Nf3 d5 3. c3 Bf5 4. Qb3 Nbd7 5. Bf4 e6 6. e3 Bd6 7. Bxd6 cxd6 8. Be2 O-O 9. O-O e5 10. h3 Re8 11. a4 Nf8 12. Nbd2 Ng6 13. Rfc1 e4 14. Ne1 Nh4 15. Nf1 Qd7 16. Ng3 Bxh3 17. gxh3 Qxh3 18. Bf1 Qg4 19. Qd1 Nf3+ 20. Kg2 Nh4+ 21. Kg1 Nf3+ 22. Kg2 Nh4+ 23. Kg1 1/2-1/2


[Site "https://www.chess.com"]

[Event "Titled Tuesday Blitz May 2 Early 2023"]
[White "Duda, Jan-Krzysztof"]
[Black "Bachmann, Axel"]
[WhiteFideId "1170546"]
[BlackFideId "3700488"]
[WhiteElo "2790"]
[BlackElo "2605"]
[Result "1-0"]
[Round "05"]
[TimeControl "180+2"]
[Date "2023.05.02"]
[WhiteClock "0:00:07"]
[BlackClock "0:00:01"]

1. d4 Nf6 2. c4 e6 3. Nf3 Bb4+ 4. Nbd2 O-O 5. a3 Be7 6. b4 a5 7. b5 c5 8. bxc6 bxc6 9. c5 d5 10. cxd6 Bxd6 11. e4 Bf4 12. Qc2 Nbd7 13. Bd3 Ba6 14. Nc4 Bxc4 15. Bxc4 Bxc1 16. Rxc1 Qe7 17. a4 Qb4+ 18. Ke2 h6 19. Rb1 Qe7 20. Rb7 Rfb8 21. Rhb1 Rxb7 22. Rxb7 Rb8 23. Rxb8+ Nxb8 24. Bd3 Qb4 25. Qb1 Qxb1 26. Bxb1 Nbd7 27. Nd2 c5 28. Kd3 cxd4 29. Kxd4 Ng4 30. f3 Nxh2 31. Nc4 Nf1 32. Nxa5 e5+ 33. Kd3 Nc5+ 34. Ke2 Ng3+ 35. Kf2 1-0


[Site "https://www.chess.com"]

[Event "Titled Tuesday Blitz May 2 Early 2023"]
[White "Madaminov, Mukhiddin"]
[Black "Sarana, Alexey"]
[WhiteFideId "14210703"]
[BlackFideId "24133795"]
[WhiteElo "2511"]
[BlackElo "2714"]
[Result "1/2-1/2"]
[Round "05"]
[TimeControl "180+2"]
[Date "2023.05.02"]
[WhiteClock "0:00:03"]
[BlackClock "0:00:06"]

1. d4 Nf6 2. Nc3 e6 3. Bf4 d5 4. Nb5 Bb4+ 5. c3 Ba5 6. a4 a6 7. b4 Nc6 8. bxa5 axb5 9. axb5 Nxa5 10. e3 Bd7 11. Bg5 h6 12. Bh4 c6 13. bxc6 Nxc6 14. Bd3 O-O 15. Ne2 Rxa1 16. Qxa1 Qa5 17. Qb2 Ne4 18. O-O Qc7 19. c4 Na5 20. c5 Nc4 21. Bxc4 dxc4 22. f3 Ng5 23. Bg3 Qc6 24. h4 Nh7 25. Rb1 Bc8 26. Qc2 b5 27. cxb6 Bb7 28. Nc3 Nf6 29. e4 Ra8 30. Qb2 Nd7 31. Qb4 Ra6 32. Bc7 Ra8 33. Qd6 Qxd6 34. Bxd6 Ra6 35. Bc7 Ra3 36. Nb5 Rb3 37. Rxb3 cxb3 38. Kf2 f5 39. Ke3 fxe4 40. fxe4 Nf6 41. d5 exd5 42. e5 b2 43. Na3 Ne4 44. e6 Kf8 45. Be5 g5 46. hxg5 hxg5 47. Bxb2 Ke7 48. Nb5 Kxe6 49. Kd4 Kd7 50. Nc7 Kd6 51. Ba3+ Kc6 52. Nxd5 Nd2 53. Bb4 Nf1 54. Bc5 Ng3 55. Ne7+ Kb5 56. Bd6 Ne2+ 57. Ke3 Nf4 58. Bxf4 gxf4+ 59. Kxf4 Bxg2 60. Nc8 Ba8 61. Ke5 Kc6 62. Ke6 Bb7 63. Nd6 Kxb6 1/2-1/2


[Site "https://www.chess.com"]

[Event "Titled Tuesday Blitz May 2 Early 2023"]
[White "Bortnyk, Olexandr"]
[Black "Bernadskiy, Vitaliy"]
[WhiteFideId "14120828"]
[BlackFideId "14100371"]
[WhiteElo "2734"]
[BlackElo "2488"]
[Result "1-0"]
[Round "05"]
[TimeControl "180+2"]
[Date "2023.05.02"]
[WhiteClock "0:01:00"]
[BlackClock "0:00:25"]

1. d4 b6 2. e4 Bb7 3. Bd3 e6 4. Qe2 g6 5. c3 Bg7 6. h4 h6 7. h5 g5 8. f4 gxf4 9. Bxf4 c5 10. Nf3 cxd4 11. cxd4 Nc6 12. Nc3 a6 13. Qe3 Nf6 14. Bd6 Rc8 15. e5 Ng8 16. Qf4 Nge7 17. Nh4 Na5 18. O-O O-O 19. Ne4 Nc4 20. Nf6+ Kh8 21. Bxe7 Qxe7 22. Nf5 Qb4 23. Nxg7 Qd2 24. Qxd2 Nxd2 25. Rf2 Nc4 26. Nge8 1-0


[Site "https://www.chess.com"]

[Event "Titled Tuesday Blitz May 2 Early 2023"]
[White "Le, Tuan Minh"]
[Black "Beerdsen, Thomas"]
[WhiteFideId "12401153"]
[BlackFideId "1030108"]
[WhiteElo "2566"]
[BlackElo "2547"]
[Result "1-0"]
[Round "05"]
[TimeControl "180+2"]
[Date "2023.05.02"]
[WhiteClock "0:00:07"]
[BlackClock "0:00:32"]

1. d4 Nf6 2. Nf3 a6 3. Bg5 b5 4. Nbd2 Bb7 5. c3 e6 6. e4 h6 7. Bxf6 Qxf6 8. Bd3 c5 9. O-O cxd4 10. cxd4 Nc6 11. e5 Qf4 12. Be4 Bb4 13. Re1 O-O 14. g3 Qg4 15. d5 exd5 16. Bxd5 Bxd2 17. Qxd2 Rac8 18. Kg2 Kh8 19. Re4 Qg6 20. Rae1 f5 21. exf6 Rxf6 22. Ne5 Nxe5 23. Bxb7 Nf3 24. Qe3 Nxe1+ 25. Qxe1 Rcf8 26. Re2 h5 27. Qd2 h4 28. Qxd7 Rf5 29. Be4 Rxf2+ 30. Rxf2 Qxe4+ 31. Kf1 Qb1+ 32. Kg2 h3+ 33. Qxh3+ Kg8 34. Qe6+ Kh7 35. Rxf8 Qxa2 36. Qxa2 1-0


[Site "https://www.chess.com"]

[Event "Titled Tuesday Blitz May 2 Early 2023"]
[White "Paravyan, David"]
[Black "Livaic, Leon"]
[WhiteFideId "4194985"]
[BlackFideId "14531534"]
[WhiteElo "2563"]
[BlackElo "2509"]
[Result "0-1"]
[Round "05"]
[TimeControl "180+2"]
[Date "2023.05.02"]
[WhiteClock "0:00:01"]
[BlackClock "0:00:13"]

1. e4 e6 2. d4 d5 3. Nd2 c5 4. Ngf3 cxd4 5. Nxd4 Nf6 6. exd5 Nxd5 7. Bc4 Nb6 8. Bb5+ Bd7 9. Qe2 Bxb5 10. Qxb5+ Qd7 11. O-O Nc6 12. Nxc6 Qxc6 13. Qxc6+ bxc6 14. Ne4 Be7 15. Rd1 O-O 16. Be3 Nd5 17. Bc5 Bxc5 18. Nxc5 Rfd8 19. Kf1 Kf8 20. Rd3 Nb4 21. Rxd8+ Rxd8 22. c3 Nd5 23. g3 Ke7 24. Re1 Rb8 25. Re2 a5 26. h4 Rb5 27. Nd3 Nb6 28. b3 Rd5 29. Re3 a4 30. c4 Rd4 31. Ne5 Rd1+ 32. Ke2 Ra1 33. Nxc6+ Kd6 34. Nb4 Kc5 35. Na6+ Kc6 36. Kf3 a3 37. Rd3 Nd7 38. Nb4+ Kc7 39. Na6+ Kc6 40. Rd2 Ne5+ 41. Kg2 Kb6 42. Nb4 Kc5 43. Na6+ Kb6 44. Nb4 Ka5 45. Nd3 Nxd3 46. Rxd3 Rxa2 47. Rd7 Rb2 48. Ra7+ Kb4 0-1


[Site "https://www.chess.com"]

[Event "Titled Tuesday Blitz May 2 Early 2023"]
[White "Bluebaum, Matthias"]
[Black "Bacrot, Etienne"]
[WhiteFideId "24651516"]
[BlackFideId "605506"]
[WhiteElo "2638"]
[BlackElo "2663"]
[Result "1-0"]
[Round "05"]
[TimeControl "180+2"]
[Date "2023.05.02"]
[WhiteClock "0:01:39"]
[BlackClock "0:00:43"]

1. d4 d5 2. c4 c6 3. Nf3 Nf6 4. Nc3 e6 5. Qc2 dxc4 6. e4 b5 7. Be2 Be7 8. O-O Bb7 9. Rb1 Nbd7 10. b3 cxb3 11. Rxb3 a6 12. e5 Nd5 13. Nxd5 cxd5 14. Qd2 Nb6 15. Qf4 Qd7 16. Qg4 g6 17. Bg5 Bxg5 18. Nxg5 h6 19. Nxf7 Qxf7 20. Rf3 Qg8 21. Rf6 O-O-O 22. Rxe6 Kc7 23. Rxg6 Qe8 24. Qg3 Rg8 25. e6+ Kc8 26. Rxg8 Qxg8 27. e7 Re8 28. Bg4+ 1-0


[Site "https://www.chess.com"]

[Event "Titled Tuesday Blitz May 2 Early 2023"]
[White "Deac, Bogdan-Daniel"]
[Black "Mikhailovsky, Vladimir"]
[WhiteFideId "1226380"]
[BlackFideId "34105414"]
[WhiteElo "2649"]
[BlackElo "2275"]
[Result "1-0"]
[Round "05"]
[TimeControl "180+2"]
[Date "2023.05.02"]
[WhiteClock "0:00:12"]
[BlackClock "0:00:07"]

1. b3 d5 2. Bb2 Nc6 3. Nf3 Bg4 4. d4 Nf6 5. Nbd2 e6 6. g3 Bd6 7. Bg2 Qe7 8. c4 Ba3 9. Qc1 Bxb2 10. Qxb2 O-O 11. O-O Rfd8 12. a3 h6 13. Rac1 a5 14. e3 Bf5 15. Rfd1 Ne4 16. h3 Bh7 17. Bf1 Nxd2 18. Nxd2 e5 19. cxd5 Rxd5 20. Bg2 Rdd8 21. d5 Nb8 22. Qc3 c6 23. Nc4 Ra6 24. Qxe5 Qxe5 25. Nxe5 cxd5 26. Bxd5 Kf8 27. Bxb7 Rxd1+ 28. Rxd1 Rb6 29. Rd8+ Ke7 30. Rxb8 Rxb3 31. Nc6+ Kd6 32. Nxa5 Rb1+ 33. Kh2 Be4 34. Rd8+ Kc7 35. Bxe4 Kxd8 36. Bd5 Ra1 37. Bxf7 Rxa3 38. Nc6+ Kc7 39. Nd4 Kd7 40. Kg2 Ke7 41. Bd5 Kf6 42. h4 g5 43. h5 Ra5 44. Bf3 Rc5 45. g4 Ra5 46. Nf5 Ra4 47. Nxh6 Rb4 48. Nf5 Rb8 49. Kg3 Rh8 50. Be4 Ke5 51. Bd3 Rd8 52. f4+ gxf4+ 53. exf4+ Kf6 54. Be4 Kf7 55. g5 Rd1 56. Bf3 Kg8 57. Bxd1 Kh8 58. Bg4 1-0


[Site "https://www.chess.com"]

[Event "Titled Tuesday Blitz May 2 Early 2023"]
[White "Grigoriants, Sergey"]
[Black "Kosakowski, Jakub"]
[WhiteFideId "4130804"]
[BlackFideId "1185080"]
[WhiteElo "2502"]
[BlackElo "2488"]
[Result "1/2-1/2"]
[Round "05"]
[TimeControl "180+2"]
[Date "2023.05.02"]
[WhiteClock "0:00:05"]
[BlackClock "0:00:11"]

1. d4 d5 2. c4 e5 3. dxe5 d4 4. Nf3 Nc6 5. a3 Nge7 6. Nbd2 a5 7. Nb3 Nf5 8. Bg5 Be7 9. Bxe7 Qxe7 10. Nbxd4 Ncxd4 11. Nxd4 Qxe5 12. e3 O-O 13. Nxf5 Bxf5 14. Qd4 Qe6 15. Rd1 Be4 16. f3 Bc6 17. Kf2 Qe7 18. Be2 Rfe8 19. h4 a4 20. Qf4 Ra5 21. Rhe1 Rh5 22. Rd4 h6 23. Bd3 Re5 24. Bc2 Qc5 25. Re2 Qb6 26. c5 Qxc5 27. Bxa4 g5 28. hxg5 hxg5 29. Qf6 Bxa4 30. Rxa4 Rxe3 31. Rxe3 Qxe3+ 32. Kg3 Qe5+ 33. Qxe5 Rxe5 34. Rd4 Rc5 35. b4 Rc3 36. a4 Kg7 37. a5 Kg6 38. Rd7 f5 39. Kh3 Rb3 40. Kh2 Rxb4 41. Rxc7 g4 42. fxg4 fxg4 43. Kg3 Kf5 44. Rc5+ Kf6 45. Rd5 Ke6 46. Rh5 Kf6 47. Kh4 Ra4 48. g3 Kg6 49. Rb5 Kf6 50. Rxb7 Rxa5 51. Kxg4 Kg6 52. Kf3 Ra4 53. Kg2 Kg5 54. Rb3 Ra5 55. Kf3 Rc5 56. Ke4 Ra5 57. Kd4 Kg4 58. Kc4 Rf5 59. Kb4 Rf8 60. Kc4 Rc8+ 61. Kd5 Rd8+ 62. Kc6 Rc8+ 63. Kd7 Rc1 64. Kd6 Rg1 65. Kc6 Rxg3 66. Rxg3+ Kxg3 1/2-1/2


[Site "https://www.chess.com"]

[Event "Titled Tuesday Blitz May 2 Early 2023"]
[White "Demchenko, Anton"]
[Black "Cherniaiev, Tykhon"]
[WhiteFideId "4160258"]
[BlackFideId "14182360"]
[WhiteElo "2545"]
[BlackElo "2450"]
[Result "1-0"]
[Round "05"]
[TimeControl "180+2"]
[Date "2023.05.02"]
[WhiteClock "0:00:46"]
[BlackClock "0:00:09"]

1. e4 e5 2. Nf3 Nc6 3. Bc4 Bc5 4. d3 Nf6 5. Bg5 d6 6. c3 h6 7. Bh4 a6 8. Nbd2 Ba7 9. O-O O-O 10. a4 Be6 11. b4 g5 12. Bg3 Kg7 13. Rb1 Ne7 14. Bxe6 fxe6 15. d4 exd4 16. Nxd4 Bxd4 17. cxd4 Ng6 18. Qc2 Qd7 19. Rfc1 Rac8 20. e5 Nd5 21. Ne4 Ndf4 22. b5 axb5 23. axb5 dxe5 24. dxe5 Rf5 25. Nd6 Rxe5 26. Nxc8 Qxc8 27. Qxc7+ Qxc7 28. Rxc7+ Kf6 29. Rxb7 Rc5 30. b6 Nd5 31. h3 Nc3 32. Rc7 Rxc7 33. bxc7 Ne7 34. Rb8 Ne2+ 35. Kf1 Nxg3+ 36. fxg3 e5 37. c8=Q Nxc8 38. Rxc8 Kg6 39. Rc6+ Kh7 40. Re6 Kg7 41. Rxe5 Kh7 42. g4 Kg7 43. Kf2 Kh7 44. Ke3 Kg7 45. Ke4 Kh7 46. Kf5 Kg7 47. Re7+ Kg8 48. Kf6 Kh8 49. Kg6 Kg8 50. Re8# 1-0


[Site "https://www.chess.com"]

[Event "Titled Tuesday Blitz May 2 Early 2023"]
[White "Albornoz Cabrera, Carlos Daniel"]
[Black "Suleymanli, Aydin"]
[WhiteFideId "3518736"]
[BlackFideId "13413937"]
[WhiteElo "2516"]
[BlackElo "2559"]
[Result "1-0"]
[Round "05"]
[TimeControl "180+2"]
[Date "2023.05.02"]
[WhiteClock "0:00:09"]
[BlackClock "0:00:01"]

1. e4 e5 2. Nf3 Nc6 3. Bc4 Nf6 4. d3 h6 5. O-O Bc5 6. c3 d6 7. a4 a5 8. Na3 O-O 9. Nc2 Ba7 10. Be3 Ne7 11. Bxa7 Rxa7 12. Re1 Ng6 13. h3 Qe7 14. Ne3 c6 15. Nf1 Nh5 16. N3h2 Nhf4 17. Nf3 Qf6 18. Kh2 d5 19. Ba2 dxe4 20. Rxe4 Bf5 21. Re3 Rd8 22. d4 exd4 23. cxd4 Be6 24. Bxe6 Nxe6 25. Re4 c5 26. d5 Qf5 27. Qe1 Qxd5 28. Ng3 b6 29. Ne5 Nef4 30. Nxg6 Nxg6 31. Ra3 Rad7 32. Rf3 Kh7 33. Nf5 Qc6 34. Rg4 Qc7+ 35. g3 Rd5 36. Qc3 Qe5 37. Qb3 Rd2 38. Qxf7 Rf8 39. Qxg6+ Kh8 40. Kg2 Qxb2 41. Qxg7+ Qxg7 42. Nxg7 Rxf3 43. Kxf3 c4 44. Nf5 c3 45. Rc4 c2 46. Ne3 1-0


[Site "https://www.chess.com"]

[Event "Titled Tuesday Blitz May 2 Early 2023"]
[White "Lamaze, Simon"]
[Black "Dardha, Daniel"]
[WhiteFideId "36069264"]
[BlackFideId "240990"]
[WhiteElo "2272"]
[BlackElo "2581"]
[Result "1-0"]
[Round "05"]
[TimeControl "180+2"]
[Date "2023.05.02"]
[WhiteClock "0:00:22"]
[BlackClock "0:00:02"]

1. e4 c5 2. Nf3 e6 3. d4 cxd4 4. Nxd4 Nc6 5. Nc3 Bc5 6. Nb3 Bb6 7. Be2 Nf6 8. Bf4 d5 9. exd5 exd5 10. O-O O-O 11. Bf3 Be6 12. Nb5 Ne4 13. N5d4 Qf6 14. Be3 Ne5 15. c3 Nc4 16. Bc1 Rfe8 17. a4 Rad8 18. a5 Bc7 19. a6 b6 20. Nc6 Ra8 21. Nbd4 Bd7 22. Nb4 Qd6 23. g3 Ne5 24. Bg2 Ng6 25. Qd3 Nc5 26. Qc2 Ne4 27. Qd3 Rad8 28. Nb5 Bxb5 29. Qxb5 h5 30. Rd1 Qf6 31. Be3 Ne7 32. Nxd5 Nxd5 33. Rxd5 Bb8 34. Rxd8 Qxd8 35. Qxh5 Nf6 36. Qf5 Bd6 37. Bf3 Qc7 38. Kg2 Re5 39. Qd3 g6 40. Rd1 Re6 41. b4 Kg7 42. Bd4 Be5 43. Bxe5 Rxe5 44. c4 Rf5 45. Re1 Qc8 46. b5 Qc5 47. Re3 g5 48. h3 Re5 49. Rxe5 Qxe5 50. Qd8 Qf5 51. Qc7 Ne4 52. c5 Nxc5 53. Qxa7 Qc2 54. Qxb6 Nd3 55. Qd4+ Kg8 56. Be4 Ne1+ 57. Kh2 Qe2 58. a7 1-0


[Site "https://www.chess.com"]

[Event "Titled Tuesday Blitz May 2 Early 2023"]
[White "Rakotomaharo, Fy Antenaina"]
[Black "Asis Gargatagli, Hipolito"]
[WhiteFideId "13100050"]
[BlackFideId "2260735"]
[WhiteElo "2427"]
[BlackElo "2557"]
[Result "1/2-1/2"]
[Round "05"]
[TimeControl "180+2"]
[Date "2023.05.02"]
[WhiteClock "0:00:14"]
[BlackClock "0:00:51"]

1. Nf3 f5 2. d3 d6 3. e4 e5 4. Nc3 Nc6 5. exf5 Nge7 6. d4 Nxd4 7. Nxd4 exd4 8. Qxd4 Nxf5 9. Qe4+ Qe7 10. Bd3 Qxe4+ 11. Bxe4 c6 12. O-O d5 13. Bd3 Bd6 14. Bd2 Kf7 15. Rae1 Bd7 16. Ne2 Rae8 17. Ng3 Rxe1 18. Rxe1 Nxg3 19. hxg3 g6 20. c4 Be6 21. Bc3 Rd8 22. cxd5 Bxd5 23. b3 Be7 24. Rd1 Bf6 25. Bxf6 Kxf6 26. f3 Be6 27. Kf2 Bf5 28. Be2 Rxd1 29. Bxd1 c5 30. Ke3 Ke5 31. g4 Bb1 32. f4+ Kf6 33. g5+ Ke6 34. a3 b5 35. Be2 a6 36. a4 Bc2 37. axb5 axb5 38. Bxb5 Bxb3 39. g4 Bd1 40. Bc4+ Ke7 41. f5 Bxg4 42. f6+ Kf8 43. Kf4 Bd7 44. Ke5 Be8 45. Kd6 Bf7 46. Kxc5 Bxc4 47. Kxc4 Kf7 48. Kd5 h6 49. gxh6 Kxf6 50. Ke4 g5 51. h7 Kg7 52. Kf5 Kxh7 53. Kxg5 1/2-1/2


[Site "https://www.chess.com"]

[Event "Titled Tuesday Blitz May 2 Early 2023"]
[White "Jia, Haoxiang"]
[Black "Rustemov, Alexander"]
[WhiteFideId "8602999"]
[BlackFideId "4119002"]
[WhiteElo "2331"]
[BlackElo "2525"]
[Result "0-1"]
[Round "05"]
[TimeControl "180+2"]
[Date "2023.05.02"]
[WhiteClock "0:00:22"]
[BlackClock "0:00:17"]

1. Nf3 d5 2. g3 Nf6 3. Bg2 Bf5 4. O-O e6 5. d3 c6 6. Nbd2 h6 7. c3 Bh7 8. Qe1 Be7 9. e4 O-O 10. Qe2 Qc7 11. Rd1 c5 12. exd5 exd5 13. Nf1 Nc6 14. Bf4 Bd6 15. Bxd6 Qxd6 16. Re1 Rae8 17. Qd2 d4 18. cxd4 cxd4 19. a3 Nd7 20. Rxe8 Rxe8 21. Re1 Rxe1 22. Nxe1 Bf5 23. Qe2 Be6 24. Nd2 Nc5 25. Ne4 Nxe4 26. Bxe4 b6 27. f4 Ne7 28. Nc2 Nf5 29. Qf2 Qc5 30. b4 Qc3 31. g4 Ne3 32. Nxe3 dxe3 33. Qxe3 Bxg4 34. Bd5 Qc8 35. Qe7 Bh5 36. f5 Qc1+ 37. Kg2 Qg5+ 38. Kh1 Qxe7 0-1


[Site "https://www.chess.com"]

[Event "Titled Tuesday Blitz May 2 Early 2023"]
[White "Bolourchifard, Farzad"]
[Black "Yu, Yangyi"]
[WhiteFideId "12510084"]
[BlackFideId "8603820"]
[WhiteElo "2317"]
[BlackElo "2783"]
[Result "0-1"]
[Round "05"]
[TimeControl "180+2"]
[Date "2023.05.02"]
[WhiteClock "0:00:27"]
[BlackClock "0:01:03"]

1. d4 Nf6 2. Nf3 e6 3. c4 h6 4. Nc3 Bb4 5. Bd2 d5 6. e3 O-O 7. cxd5 exd5 8. Bd3 Re8 9. O-O Bd6 10. Nb5 Bf8 11. Ne5 a6 12. Nc3 c5 13. f4 Nc6 14. Ne2 cxd4 15. exd4 Bg4 16. Bc3 Qb6 17. h3 Bxe2 18. Qxe2 Nxd4 19. Bxd4 Qxd4+ 20. Kh1 Bd6 21. Rad1 Bxe5 22. Bh7+ Nxh7 23. Rxd4 Bxd4 24. Qd3 Re4 25. Qb3 Nf6 26. Qxb7 Rae8 27. Qxa6 Nh5 28. Qd3 Be3 29. Rf3 Bxf4 30. g4 Ng3+ 31. Rxg3 Bxg3 32. Qxg3 Re1+ 33. Kg2 R8e2+ 34. Qf2 Rxf2+ 0-1


[Site "https://www.chess.com"]

[Event "Titled Tuesday Blitz May 2 Early 2023"]
[White "Colas, Joshua"]
[Black "Martinez Alcantara, Jose Eduardo"]
[WhiteFideId "2044447"]
[BlackFideId "3805662"]
[WhiteElo "2347"]
[BlackElo "2711"]
[Result "0-1"]
[Round "05"]
[TimeControl "180+2"]
[Date "2023.05.02"]
[WhiteClock "0:00:12"]
[BlackClock "0:00:37"]

1. Nf3 c5 2. c4 Nc6 3. Nc3 g6 4. d4 cxd4 5. Nxd4 Bg7 6. Nc2 d6 7. g3 Be6 8. Ne3 h5 9. h4 Ne5 10. Bg2 Qd7 11. Ncd5 Rc8 12. O-O Nxc4 13. Nxc4 Rxc4 14. Be3 Nf6 15. Nf4 b6 16. Nxe6 Qxe6 17. b3 Rc8 18. Qd3 O-O 19. Rac1 Ng4 20. Bf4 Nf6 21. Qa6 Qd7 22. Bb7 Rb8 23. Bc6 Qh3 24. Bg2 Qd7 25. Bc6 Qe6 26. Qxa7 Kh7 27. Qa6 Bh6 28. Bxh6 Kxh6 29. Qd3 d5 30. Rfd1 Rfd8 31. b4 Kg7 32. a4 Rd6 33. b5 Qh3 34. Qf3 Rbd8 35. Qg2 Qe6 36. Qf3 Qh3 37. Qg2 Qg4 38. Ra1 Qxe2 39. Re1 Qb2 40. Rab1 Qa2 41. Ra1 Qb2 42. a5 bxa5 43. Rxa5 e5 44. Raa1 e4 45. Rab1 Qd4 46. Red1 Qb6 47. Qf1 Ng4 48. Qe2 Rf6 49. Rb2 Rxf2 0-1


[Site "https://www.chess.com"]

[Event "Titled Tuesday Blitz May 2 Early 2023"]
[White "Vidit, Santosh Gujrathi"]
[Black "Aldokhin, Ivan"]
[WhiteFideId "5029465"]
[BlackFideId "24115720"]
[WhiteElo "2651"]
[BlackElo "2322"]
[Result "1-0"]
[Round "05"]
[TimeControl "180+2"]
[Date "2023.05.02"]
[WhiteClock "0:00:05"]
[BlackClock "0:00:02"]

1. e4 c5 2. Nf3 e6 3. d4 cxd4 4. Nxd4 a6 5. a3 Nf6 6. Nc3 Qc7 7. Bd3 Bd6 8. Qe2 Nc6 9. Nxc6 dxc6 10. h3 b5 11. O-O Bb7 12. a4 O-O 13. Bg5 e5 14. Bxf6 gxf6 15. Nd1 Kh8 16. Ne3 Rg8 17. Nf5 Bc5 18. Qf3 Rg6 19. Kh1 Rag8 20. g3 Bb6 21. h4 c5 22. c4 b4 23. Rfd1 Rd8 24. Be2 Rd4 25. Bd3 Qd8 26. Kh2 Bc8 27. Be2 Bxf5 28. exf5 Rg8 29. Qc6 Qc7 30. Qxf6+ Rg7 31. Rxd4 cxd4 32. Bd3 e4 33. Bxe4 d3 34. Qc6 Qe5 35. Qxb6 Qxb2 36. Rf1 Qe2 37. Bg2 d2 38. Qd8+ Rg8 39. Qd4+ Rg7 40. c5 b3 41. c6 b2 42. c7 h6 43. c8=Q+ Kh7 44. f6 Rg6 45. Qc7 Rxf6 46. Qxf6 1-0


[Site "https://www.chess.com"]

[Event "Titled Tuesday Blitz May 2 Early 2023"]
[White "Levitskiy, Andrey"]
[Black "Nguyen, Ngoc Truong Son"]
[WhiteFideId "14132885"]
[BlackFideId "12401110"]
[WhiteElo "2341"]
[BlackElo "2556"]
[Result "1/2-1/2"]
[Round "05"]
[TimeControl "180+2"]
[Date "2023.05.02"]
[WhiteClock "0:00:07"]
[BlackClock "0:00:05"]

1. e4 c5 2. Nf3 Nc6 3. d4 cxd4 4. Nxd4 e6 5. Nc3 a6 6. g3 Qc7 7. Bg2 b5 8. a3 Bb7 9. O-O Nf6 10. Nb3 h5 11. h3 h4 12. g4 Ne5 13. f4 Nc4 14. Qe2 e5 15. Nd5 Bxd5 16. exd5 Bd6 17. Kh1 O-O 18. g5 Nh7 19. f5 e4 20. Qxe4 Bg3 21. Bf4 Bxf4 22. Qxf4 Qxf4 23. Rxf4 Nxg5 24. Rxh4 Rae8 25. Nd4 Re5 26. Rg1 Rfe8 27. Rg4 f6 28. h4 Nf7 29. Bf1 g5 30. Bxc4 bxc4 31. hxg5 fxg5 32. Nf3 Rxf5 33. Nxg5 Nxg5 34. Rxg5+ Rxg5 35. Rxg5+ Kf7 36. Rg4 Re1+ 37. Rg1 Re2 38. Rg2 Rxg2 39. Kxg2 Kf6 40. Kf3 Ke5 41. Ke3 Kxd5 42. b3 cxb3 43. cxb3 Kc5 44. Kd3 d6 45. Kc3 d5 46. Kd3 a5 47. Kc3 d4+ 48. Kd3 Kd5 49. b4 axb4 50. axb4 Ke5 51. b5 Kd5 52. b6 Kc6 53. Kxd4 Kxb6 1/2-1/2


[Site "https://www.chess.com"]

[Event "Titled Tuesday Blitz May 2 Early 2023"]
[White "Perez Gormaz, Matias"]
[Black "Maghsoodloo, Parham"]
[WhiteFideId "3406342"]
[BlackFideId "12539929"]
[WhiteElo "2362"]
[BlackElo "2647"]
[Result "0-1"]
[Round "05"]
[TimeControl "180+2"]
[Date "2023.05.02"]
[WhiteClock "0:00:11"]
[BlackClock "0:00:32"]

1. e4 c5 2. Nf3 d6 3. Bc4 a6 4. c3 b5 5. Bd5 Ra7 6. d4 Nf6 7. Bb3 Nxe4 8. O-O e6 9. a4 bxa4 10. Bxa4+ Bd7 11. Bc2 Nf6 12. Re1 cxd4 13. Nxd4 Be7 14. Nd2 Nc6 15. N4f3 d5 16. Nb3 O-O 17. Bg5 h6 18. Bxf6 Bxf6 19. Rxa6 Rxa6 20. Qd3 g6 21. Qxa6 Qe7 22. h4 h5 23. g3 Rb8 24. Qd3 Qd6 25. Qd2 e5 26. Rd1 Bg4 27. Be4 Ne7 28. Nc1 Qe6 0-1


[Site "https://www.chess.com"]

[Event "Titled Tuesday Blitz May 2 Early 2023"]
[White "Girish, A. Koushik"]
[Black "Kuzubov, Yuriy"]
[WhiteFideId "5038448"]
[BlackFideId "14112906"]
[WhiteElo "2398"]
[BlackElo "2496"]
[Result "0-1"]
[Round "05"]
[TimeControl "180+2"]
[Date "2023.05.02"]
[WhiteClock "0:00:01"]
[BlackClock "0:00:04"]

1. d4 Nf6 2. c4 e6 3. Nf3 d5 4. Nc3 Nbd7 5. Bg5 h6 6. Bh4 Be7 7. e3 c5 8. cxd5 Nxd5 9. Bxe7 Nxe7 10. dxc5 Qa5 11. a3 Qxc5 12. Rc1 O-O 13. Be2 Qb6 14. Na4 Qd8 15. O-O Nd5 16. Qb3 N7f6 17. Rfd1 Qe7 18. Qc4 b6 19. Nc3 Bb7 20. Nxd5 Nxd5 21. Qh4 Qxh4 22. Nxh4 Rfc8 23. g3 Kf8 24. e4 Ne7 25. f3 Rxc1 26. Rxc1 Rc8 27. Rxc8+ Bxc8 28. Kf2 Nc6 29. Ke3 e5 30. f4 Ke7 31. Nf3 Bg4 32. Bb5 exf4+ 33. gxf4 Bxf3 34. Bxc6 Bg4 35. Bd5 f6 36. Kd4 g5 37. Ke3 Bd7 38. b4 Kd6 39. Bc4 Ke7 40. Bd5 Bb5 41. Bb3 Kd6 42. Bd5 Bd7 43. Bc4 Bc6 44. Bb3 a5 45. Bc4 axb4 46. axb4 Ke7 47. Bb3 h5 48. Bc4 h4 49. Bb3 g4 50. Bd1 f5 51. exf5 g3 52. h3 Kf6 53. Bg4 Bd7 54. Kf3 Bxf5 55. Kg2 Be4+ 56. Kf1 Ke7 57. Ke2 Kd6 58. Ke3 Bc6 59. Ke2 Bd7 60. Ke3 Be6 61. Kf3 Bf7 62. Ke3 Kd5 63. Be2 Bg6 64. Bf1 Bf5 65. Bg2+ Kc4 66. Bf1+ Kc3 67. b5 Be6 68. Bg2 Bf5 69. Bf1 Bd7 70. Ke4 Bxb5 0-1


[Site "https://www.chess.com"]

[Event "Titled Tuesday Blitz May 2 Early 2023"]
[White "Baskin, Robert"]
[Black "Daneshvar, Bardiya"]
[WhiteFideId "24662402"]
[BlackFideId "12576468"]
[WhiteElo "2472"]
[BlackElo "2468"]
[Result "0-1"]
[Round "05"]
[TimeControl "180+2"]
[Date "2023.05.02"]
[WhiteClock "0:00:02"]
[BlackClock "0:00:15"]

1. d4 d6 2. e4 Bd7 3. Nf3 e6 4. Bd3 Be7 5. c3 g5 6. h3 h5 7. Be3 Rh7 8. Na3 Rg7 9. Nd2 h4 10. e5 Nc6 11. Nac4 d5 12. Na3 f5 13. f4 g4 14. hxg4 fxg4 15. Nc2 Nh6 16. c4 Nb4 17. Nxb4 Bxb4 18. Qb3 a5 19. cxd5 exd5 20. Qxd5 Bf5 21. Qb5+ c6 22. Qc4 h3 23. O-O-O Qd5 24. gxh3 g3 25. Rhe1 Rc8 26. Kc2 b5 27. Qb3 g2 28. Bg1 Rg3 29. Re3 Rxe3 30. Bxe3 Kd7 31. Rg1 Rg8 32. Qxd5+ cxd5 33. Nf3 Rg3 34. Bxf5+ Nxf5 35. e6+ Ke7 36. Ng5 Nxe3+ 37. Kc1 Nf5 38. h4 Nxh4 39. Kd1 Bd6 40. Ke2 Bxf4 41. Kf2 Rxg5 0-1


[Site "https://www.chess.com"]